AoeStats
← NicksjeDhondt

Arena

508820494Analyzed
4v4 RM · 9d ago on Sep 24, 2026· 53m 34s· 8 players
Game mode
Random Map
Map size
Large (8 player)
Population
200
Speed
Normal
Resources
Standard
Victory
Conquest
Starting age
Dark Age
Ending age
Imperial Age
RankedLock teamsTeams togetherTeam positionsShared explorationLock speedFull tech treeHidden civsTurbo modeCheats
Victory
Defeat
🇲🇽 Franks · Mexico
830
+10
🇨🇿 Ethiopians · Czechia
758
+12
🇲🇽 Teutons · Mexico
658
+16
🇲🇽 Berbers · Mexico
545
+21
🇧🇪 Khmer · Belgium
714
-17
🇧🇪 Persians · Belgium
699
-16
🇦🇷 Bengalis · Argentina
657
-14
🇨🇳 Wu · China
606
-12
Lucasavend
0:39 Loom
14:12 Feudal Age
21:46 Castle Age
20:12 Double-Bit Axe
20:29 Horse Collar
20:53 Gold Mining
21:08 Stone Mining
22:20 Wheelbarrow
21:48 Town Watch
27:47 Imperial Age
26:34 Gold Shaft Mining
26:18 Bow Saw
27:37 Heavy Plow
30:02 Two-Man Saw
33:10 Fortified Wall
33:30 Hand Cart
36:44 Caravan
40:33 Ballistics
41:23 Chemistry
40:35 Masonry
40:22 Murder Holes
40:35 Siege Engineers
41:25 Crop Rotation
42:18 Conscription
42:07 Paiks
42:26 Mahayana
44:34 Husbandry
44:45 Bloodlines
46:15 Fletching
46:37 Forging
46:33 Scale Barding Armor
47:14 Elite Ratha (Ranged)
48:57 Elite Elephant Archer
50:47 Elite Battle Elephant
51:37 Siege Elephant
53:34 Bodkin Arrow
53:40 Padded Archer Armor
53:44 Scale Mail Armor
53:46 Padded Archer Armor
54:22 Iron Casting
54:09 Chain Barding Armor
刺猬
1:30 Loom
11:36 Feudal Age
12:02 Double-Bit Axe
12:47 Horse Collar
19:55 Castle Age
17:49 Stone Mining
18:49 Gold Mining
19:41 Arson
20:15 Forging
21:00 Bow Saw
21:48 Heavy Plow
22:37 Stone Shaft Mining
24:07 Wheelbarrow
27:23 Treadmill Crane
28:06 Caravan
28:50 Squires
32:46 Ballistics
33:32 Red Cliffs Tactics
34:59 Murder Holes
35:43 Hand Cart
37:15 Iron Casting
36:40 Scale Mail Armor
36:45 Scale Barding Armor
36:31 Fletching
39:54 Masonry
39:53 Bodkin Arrow
39:59 Padded Archer Armor
40:16 Chain Mail Armor
40:25 Chain Barding Armor
41:00 Gold Shaft Mining
44:53 Imperial Age
45:06 Elite Fire Archer
46:58 Chemistry
46:29 Architecture
46:41 Conscription
46:43 Bracer
47:00 Leather Archer Armor
47:29 Elite Skirmisher
47:35 Crossbowman
47:45 Crossbowman
49:41 Blast Furnace
49:14 Plate Mail Armor
50:20 Two-Man Saw
NicksjeDhondt
0:35 Loom
11:03 Feudal Age
12:00 Horse Collar
12:08 Double-Bit Axe
13:42 Gold Mining
15:22 Stone Mining
20:00 Castle Age
19:02 Town Watch
19:54 Wheelbarrow
21:10 Heavy Plow
21:47 Stone Shaft Mining
21:25 Bow Saw
28:54 Coinage
29:14 Gold Shaft Mining
29:41 Town Patrol
31:26 Hand Cart
34:04 Imperial Age
31:55 Caravan
33:21 Forging
33:12 Scale Mail Armor
33:17 Scale Barding Armor
33:13 Padded Archer Armor
33:03 Fletching
33:33 Tusk Swords
35:25 Crop Rotation
34:36 Elite Ballista Elephant
36:10 Banking
36:47 Hoardings
37:15 Iron Casting
36:57 Leather Archer Armor
37:21 Heavy Scorpion
40:13 Blast Furnace
43:31 Chain Mail Armor
43:37 Chain Barding Armor
44:10 Sappers
48:50 Chemistry
51:13 Pikeman
52:49 Halberdier
AlarmingSquid25
0:50 Loom
12:20 Feudal Age
18:53 Castle Age
17:01 Stone Mining
17:02 Gold Mining
17:04 Horse Collar
17:25 Double-Bit Axe
18:57 Wheelbarrow
18:22 Town Watch
20:26 Heavy Plow
20:40 Bow Saw
25:37 Kamandaran
28:14 Gold Shaft Mining
32:20 Imperial Age
29:52 Fletching
29:29 Crossbowman
30:46 Thumb Ring
31:55 Bodkin Arrow
32:02 Padded Archer Armor
32:26 Ballistics
33:48 Chemistry
32:59 Masonry
34:06 Leather Archer Armor
34:18 Conscription
35:46 Two-Man Saw
36:02 Crop Rotation
37:24 Ring Archer Armor
41:10 Hand Cart
41:29 Town Patrol
44:46 Scale Barding Armor
44:41 Scale Mail Armor
44:52 Forging
50:28 Chain Barding Armor
50:44 Iron Casting
50:43 Architecture
51:13 Elite War Elephant
Taquito
11:35 Feudal Age
9:52 Loom
15:15 Castle Age
13:52 Double-Bit Axe
17:01 Wheelbarrow
26:58 Imperial Age
24:53 Horse Collar
25:31 Gold Mining
25:48 Heavy Plow
27:24 Forging
27:14 Scale Mail Armor
28:56 Iron Casting
29:10 Gambesons
28:46 Man-at-Arms
28:49 Capped Ram
29:42 Stone Mining
32:52 Long Swordsman
34:36 Stone Shaft Mining
34:04 Padded Archer Armor
34:10 Scale Barding Armor
35:05 Blast Furnace
35:25 Conscription
36:14 Leather Archer Armor
36:23 Bloodlines
36:35 Cavalier
38:50 Ring Archer Armor
38:41 Chain Barding Armor
41:19 Plate Barding Armor
40:17 Paladin
44:44 Crop Rotation
49:28 Bow Saw
49:39 Chain Mail Armor
DarkOmega93
0:52 Loom
1:39 Loom
11:20 Feudal Age
15:12 Castle Age
13:59 Double-Bit Axe
24:27 Gold Mining
25:05 Bow Saw
29:45 Imperial Age
27:52 Wheelbarrow
27:06 Town Watch
28:06 Husbandry
28:19 Fortified Wall
28:29 Ballistics
28:53 Hand Cart
30:18 Cavalier
31:10 Scale Barding Armor
31:19 Forging
33:18 Chain Barding Armor
33:34 Iron Casting
34:44 Plate Barding Armor
35:10 Paladin
37:17 Fletching
48:19 Chemistry
47:15 Murder Holes
47:47 Conscription
47:30 Chivalry
Tomas18078
10:23 Feudal Age
10:50 Double-Bit Axe
10:53 Town Watch
11:38 Loom
15:42 Wheelbarrow
18:17 Castle Age
16:57 Horse Collar
17:24 Gold Mining
19:24 Scale Barding Armor
19:19 Scale Mail Armor
19:42 Heavy Plow
20:09 Bow Saw
24:18 Hand Cart
24:13 Stone Mining
28:12 Husbandry
28:15 Fletching
28:41 Chain Mail Armor
28:50 Chain Barding Armor
30:30 Bodkin Arrow
34:35 Imperial Age
32:07 Padded Archer Armor
34:40 Masonry
35:14 Chain Mail Armor
35:10 Forging
35:00 Onager
36:46 Arson
37:02 Squires
37:39 Iron Casting
37:05 Bracer
38:46 Chemistry
38:01 Siege Onager
39:36 Heavy Camel Rider
40:54 Conscription
42:51 Torsion Engines
43:00 Torsion Engines
50:39 Halberdier
52:45 Plate Mail Armor
53:16 Blast Furnace
53:41 Two-Man Saw
hiuch
3:20 Loom
11:49 Feudal Age
18:08 Castle Age
16:43 Double-Bit Axe
16:42 Horse Collar
27:42 Bloodlines
32:02 Gold Mining
36:10 Gold Shaft Mining
38:24 Imperial Age
37:45 Thumb Ring
37:46 Fletching
38:02 Scale Barding Armor
39:00 Wheelbarrow
39:06 Heavy Camel Rider
39:59 Heavy Plow
40:13 Bow Saw
40:19 Kasbah
41:31 Maghrebi Camels
43:46 Hand Cart
44:07 Chain Barding Armor
43:44 Bodkin Arrow
45:06 Crop Rotation
45:19 Onager
Connection lost

Rejoining the realm…

Still unreachable

The connection could not be restored.

Session expired

The server has moved on; the page needs a fresh start.